 Dungeon Crawl Stone Soup version 0.31-a0-210-gccc998df9b (webtiles) character file.

Game seed: 2725687104367384878

245 qw the Shooter (level 5, -4/45 HPs)
             Began as a Minotaur Hexslinger on June 29, 2023.
             Was an Initiate of Okawaru.
             Slain by Duvessa
             ... wielding a +0 short sword
              (5 damage)
             ... on level 4 of the Dungeon.
             The game lasted 00:01:03 (2295 turns).

qw the Shooter (Minotaur Hexslinger)                Turns: 2295, Time: 00:01:04

Health: -4/45      AC:  5    Str: 12    XL:     5   Next: 83%
Magic:  5/5        EV: 11    Int: 10    God:    Okawaru [......]
Gold:   147        SH:  0    Dex: 21    Spells: 5/6 levels left

rFire   . . .        Y - +1 sling
rCold   . . .        (no shield)
rNeg    . . .        a - +0 ring mail
rPois   .            (helmet restricted)
rElec   .            (no cloak)
rCorr   +            (no gloves)
SInv    .            (no boots)
Will    .....        (no amulet)
Stlth   +            j - ring of resist corrosion
HPRegen 0.27/turn    b - +6 ring of dexterity
MPRegen 0.09/turn

%: no passive effects
@: no status effects
A: horns 2, retaliatory headbutt
a: Renounce Religion


You were on level 4 of the Dungeon.
You worshipped Okawaru.
Okawaru was noncommittal.
You visited 1 branch of the dungeon, and saw 4 of its levels.

You collected 147 gold pieces.


Innate Abilities, Weirdness & Mutations

You have a pair of horns on your head.
You reflexively headbutt those who attack you in melee.


   Skills:
 + Level 3.0 Fighting
 - Level 6.1 Ranged Weapons
 - Level 1.0 Armour
 - Level 2.1 Dodging
 - Level 1.0 Spellcasting
 - Level 2.0 Hexes


You had 5 spell levels left.
You knew the following spells:

 Your Spells              Type           Power      Damage    Failure   Level
a - Slow                  Hex            16%        N/A       34%         1

Your spell library contained the following spells:

 Spells                   Type           Power      Damage    Failure   Level
 Inner Flame              Hex/Fire       2%         N/A       83%         3
 Portal Projectile        Hex/Tloc       4%         N/A       83%         3
 Cause Fear               Hex            2%         N/A       98%         4

Inventory:

Hand Weapons
 Y - a +1 sling (weapon)
Armour
 a - a +0 ring mail (worn)
Jewellery
 b - a +6 ring of dexterity (right hand)
 j - a ring of resist corrosion (left hand)
Scrolls
 k - a scroll of identify
Potions
 d - a potion of magic {unknown}
 e - a potion of haste {unknown}
 g - a potion of invisibility {unknown}
 h - a potion of resistance {unknown}
 i - 3 potions of curing

Dungeon Overview and Level Annotations

Branches:
Dungeon (4/15)
 Temple: D:4-7

Altars:
Nemelex Xobeh
Okawaru

Annotations:
D:4 Duvessa


Message History

You kill the orc!
Okawaru accepts your kill.
An orc comes into view. It is wielding a +0 club.
Dowan casts a spell.
Dowan blinks!
You shoot a sling bullet. The sling bullet closely misses Dowan.
You shoot a sling bullet. The sling bullet hits Dowan!
Dowan is heavily wounded.
Dowan hits you but does no damage. Duvessa hits you with a +0 short sword.
You shoot a sling bullet. The sling bullet barely misses Dowan.
Dowan points at you and mumbles some strange words.
The puff of flame hits you! Duvessa barely misses you.
You shoot a sling bullet.
The sling bullet completely misses Dowan.
Duvessa closely misses you. You furiously retaliate!
You headbutt Duvessa! Dowan gestures at you while chanting.
The puff of frost hits you! Dowan hits you with a +0 dagger.
Duvessa hits you with a +0 short sword.
You shoot a sling bullet. The sling bullet closely misses Dowan.
Dowan hits you with a +0 dagger. Duvessa hits you with a +0 short sword.
You shoot a sling bullet. The sling bullet hits Dowan!
Dowan is severely wounded.
An orc comes into view. It is wielding a +0 short sword.
Dowan hits you but does no damage. Duvessa hits you but does no damage.
You shoot a sling bullet. The orc shouts!
The sling bullet hits Dowan.
You kill Dowan!
Okawaru accepts your kill.
Duvessa screams, "No!
How DARE you!"
Duvessa goes berserk!
Duvessa hits you with a +0 short sword!
An orc comes into view. It is wielding a +0 dagger.
Duvessa hits you with a +0 short sword.
Your Ranged Weapons skill increases to level 6!
You shoot a sling bullet. The sling bullet barely misses Duvessa.
Duvessa hits you with a +0 short sword. Duvessa closely misses you.
You shoot a sling bullet. The sling bullet barely misses Duvessa.
Duvessa hits you with a +0 short sword.
You die...

#######.[.##
#..........##
#%###.......####...
#.#................
#.#.......>.####..
#.#........##
#.#####....#
#.......)..#
####....@..#
######e## #o# #o#
.o# ... %..# .#.#
....#


You could see Duvessa (berserk) and 3 orcs.

Vanquished Creatures
  Dowan (D:4)
  Natasha (twice) (D:3)
  3 adders
  3 gnolls (D:3)
  5 dart slugs
  4 orcs
  5 endoplasms
  7 goblins
  12 hobgoblins
  3 quokkas (D:1)
  8 ball pythons
  6 bats
  4 frilled lizards
  7 kobolds
  10 rats
80 creatures vanquished.

Notes
Turn   | Place    | Note
-------+----------+-------------------------------------------
     0 | D:1      | qw the Minotaur Hexslinger began the quest for the Orb.
     0 | D:1      | Reached XP level 1. HP: 16/16 MP: 1/1
     0 | D:1      | 0 ||| qw: Version: 0.3-a-24-ga2abf7b
     0 | D:1      | 0 ||| qw: Game counter: 6959
     0 | D:1      | 0 ||| qw: Melee chars always use a shield: true
     0 | D:1      | 0 ||| qw: God list: Okawaru
     0 | D:1      | 0 ||| qw: Allow faded altars: false
     0 | D:1      | 0 ||| qw: Do Orc after clearing Dungeon:15 true
     0 | D:1      | 0 ||| qw: Do second Lair branch before Depths: true
     0 | D:1      | 0 ||| qw: Lair rune preference: random
     0 | D:1      | 0 ||| qw: Goals: Normal
     0 | D:1      | 0 ||| PLANNING D:1-11
   106 | D:1      | Reached skill level 3 in Ranged Weapons
   107 | D:1      | Reached XP level 2. HP: 23/23 MP: 2/2
   256 | D:1      | Found a faded altar of an unknown god.
   324 | D:1      | Reached XP level 3. HP: 21/29 MP: 3/3
   557 | D:1      | 557 ||| DROPPING +6 ring of intelligence.
   558 | D:1      | 558 ||| READING scroll labelled VARCHE XEFUFUPN.
   561 | D:1      | 561 ||| READING scroll labelled DANAANW GUPTI.
   562 | D:1      | 562 ||| READING 2 scrolls labelled PACYAV QEED.
   563 | D:1      | 563 ||| DRINKING 2 lumpy sapphire potions.
   564 | D:1      | 564 ||| DROPPING scroll of poison.
   787 | D:2      | Reached skill level 4 in Ranged Weapons
  1129 | D:2      | 1129 ||| READING scroll labelled LUDOSIAVYA.
  1130 | D:2      | 1130 ||| READING scroll labelled KOXZU SIKHEU.
  1131 | D:2      | 1131 ||| DRINKING 3 glowing blue potions.
  1147 | D:3      | Reached XP level 4. HP: 36/36 MP: 4/4
  1219 | D:3      | Identified the +2 scale mail of Jynomy {Contam rElec rN+}
  1358 | D:3      | 1358 ||| FLEEEEING.
  1458 | D:3      | Noticed Natasha
  1465 | D:3      | Killed Natasha
  1466 | D:3      | Reached skill level 5 in Ranged Weapons
  1478 | D:3      | Noticed Natasha
  1484 | D:3      | Killed Natasha
  1495 | D:3      | Reached XP level 5. HP: 24/44 MP: 5/5
  1495 | D:3      | 1495 ||| FLEEEEING.
  1496 | D:3      | 1496 ||| FLEEEEING.
  1497 | D:3      | 1497 ||| FLEEEEING.
  1498 | D:3      | 1498 ||| FLEEEEING.
  1507 | D:3      | 1507 ||| STAIRDANCE
  1568 | D:2      | 1568 ||| UPGRADING to ring of resist corrosion.
  1569 | D:2      | 1569 ||| READING scroll labelled FAMUTUFIAF.
  1575 | D:3      | 1575 ||| STAIRDANCE
  1633 | D:3      | Reached skill level 3 in Fighting
  1820 | D:3      | HP: 11/45 [gnoll/+3 spear (2)]
  1821 | D:3      | 1821 ||| READING scroll of teleportation.
  1822 | D:3      | 1822 ||| DRINKING potion of heal wounds.
  1995 | D:3      | Found a sparkling altar of Nemelex Xobeh.
  2108 | D:3      | Found an iron altar of Okawaru.
  2109 | D:3      | 2109 ||| PLANNING OKAWARU WORSHIP
  2109 | D:3      | 2109 ||| UPGRADING to +0 ring mail.
  2119 | D:3      | 2119 ||| DROPPING +0 robe.
  2120 | D:3      | 2120 ||| UPGRADING to +6 ring of dexterity.
  2128 | D:3      | Became a worshipper of Warmaster Okawaru
  2129 | D:3      | 2129 ||| PLANNING D:1-11
  2278 | D:4      | Reached skill level 1 in Armour
  2281 | D:4      | Noticed Dowan
  2282 | D:4      | Noticed Duvessa
  2293 | D:4      | Killed Dowan
  2293 | D:4      | HP: 6/45 [Duvessa/+0 short sword (6)]
  2294 | D:4      | Reached skill level 6 in Ranged Weapons
  2294 | D:4      | HP: 1/45 [Duvessa/+0 short sword (5)]
  2295 | D:4      | Slain by Duvessa

Levels and vault maps discovered:
D:1:      giann_wishing_wells, layout_rooms, hellmonk_ecumenical_altar_run_dry
D:2:      layout_basic, minmay_tree_intersection, kennysheep_generic_room_15
D:3:      layout_loops_ring, kennysheep_okawaru_gauntlet,
          nemelex_spade_bored_becter, serial_park_tiny_pond, uniq_natasha
D:4:      layout_loops_corners, elyvilon_altar_4, serial_shops,
          nicolae_shop_hallway_stairs, nicolae_shop_mannequins,
          nicolae_lakefront_shop, shop, nicolae_shop_tiny_waterfront,
          uniq_duvessa, uniq_edmund, uniq_pikel

Skill      XL: |  1  2  3  4  5 |
---------------+----------------+-----
Ranged Weapons | 3 4 5 6 |  6.1
Fighting       | 2 3 |  3.0
Armour         | 1 |  1.0
Dodging        | |  2.1
Spellcasting   | |  1.0
Hexes          | |  2.0

Action                     |  1- 3 |  4- 6 || total
---------------------------+-------+-------++-------
   Fire: Sling             |   145 |   105 ||   250
    Use: Scroll            |     5 |     2 ||     7
         Potion            |     2 |     1 ||     3
 Armour: Robe              |     5 |     4 ||     9
         Ring mail         |       |     5 ||     5
  Dodge: Dodged            |    21 |    28 ||    49

Table legend:
 A = Non-vault XP
 B = Vault XP
 C = Vault XP percentage of total XP
 D = Non-vault monster count
 E = Vault monster count
 F = Vault count percentage of total count
                 A         B        C        D         E       F
            +---------+---------+-------+---------+---------+-------
      Total |     242 |     108 |  30.9 |      74 |       6 |   7.5
            +---------+---------+-------+---------+---------+-------
        D:1 |      50 |       0 |   0.0 |      30 |       0 |   0.0
        D:2 |      40 |       3 |   7.0 |      17 |       2 |  10.5
        D:3 |     130 |      39 |  23.1 |      22 |       3 |  12.0
        D:4 |      22 |      66 |  75.0 |       5 |       1 |  16.7
            +---------+---------+-------+---------+---------+-------
